[Event "11th Dolomiti Open 2020"]
[Site "Forni di Sopra"]
[Date "2020.09.29"]
[Round "5.9"]
[White "Ranfagni, Stefano"]
[Black "Giorgi, Ezio Alberto"]
[Result "1-0"]
[ECO "A11"]
[WhiteElo "1844"]
[BlackElo "1752"]
[Annotator "NA"]
[PlyCount "137"]
[EventDate "2020.09.26"]
[EventType "swiss"]
[EventCountry "ITA"]
[SourceTitle "playchess.com"]
[Source "ChessBase"]
[SourceQuality "1"]
[TimeControl "40/5400+30:1800+30"]

1. c4 Nf6 2. g3 c6 3. Bg2 d5 4. cxd5 cxd5 5. d4 e6 6. Nc3 Bd7 7. Nf3 Nc6 8. O-O Bb4 9. Bd2 O-O 10. Rc1 Rc8 11. a3 Ba5 12. e3 Bxc3 13. Bxc3 Ne4 14. Nd2 Nxc3 15. Rxc3 Ne7 16. Rxc8 Qxc8 17. Qb1 Qb8 18. Rc1 Rc8 19. b4 Rxc1+ 20. Qxc1 Qc8 21. Qxc8+ Nxc8 22. Kf1 Kf8 23. Ke1 Ke7 24. Kd1 Ba4+ 25. Kc1 Nd6 26. Kb2 b6 27. Bf1 Kd7 28. Be2 Kc6 29. Nb1 Bb5 30. Bd1 Bd3 31. Nd2 Nc4+ 32. Kc3 Nxd2 33. Kxd2 Bc4 34. Kc3 h6 35. f4 Bf1 36. h4 Bg2 37. a4 a6 38. Be2 b5 39. axb5+ axb5 40. Kd2 Be4 41. Ke1 Bc2 42. Kf2 Bb3 43. g4 Bc4 44. Bd1 Kd6 45. Kg3 Bd3 46. g5 hxg5 47. fxg5 g6 48. Kf4 Bf1 49. h5 gxh5 50. Bxh5 Ke7 51. Ke5 Bd3 52. Bd1 Bf1 53. Bc2 Be2 54. e4 dxe4 55. Bxe4 Bc4 56. Bc6 Bd3 57. Bf3 Bc4 58. Be4 Bb3 59. Bd3 Bc4 60. Be4 Bb3 61. d5 Bc4 62. d6+ Kd7 63. Bh7 Be2 64. Bg8 Bh5 65. Kf6 Bf3 66. Bxf7 Kxd6 67. g6 Be4 68. g7 Bh7 69. Bxe6 1-0

[Event "11th Dolomiti Open 2020"]
[Site "Forni di Sopra"]
[Date "2020.09.29"]
[Round "5.10"]
[White "Sirletti, Sonia"]
[Black "Ollari, Luca"]
[Result "1/2-1/2"]
[ECO "E91"]
[WhiteElo "1804"]
[BlackElo "1826"]
[Annotator "NA"]
[PlyCount "67"]
[EventDate "2020.09.26"]
[EventType "swiss"]
[EventCountry "ITA"]
[SourceTitle "playchess.com"]
[Source "ChessBase"]
[SourceQuality "1"]
[TimeControl "40/5400+30:1800+30"]

1. d4 Nf6 2. Nf3 g6 3. c4 d6 4. Nc3 Bg7 5. e4 O-O 6. Be2 Na6 7. Qc2 Nb4 8. Qb1 Ne8 9. a3 Nc6 10. Be3 e5 11. d5 Nd4 12. Qd1 Nxf3+ 13. Bxf3 f5 14. O-O f4 15. Bd2 Nf6 16. Kh1 h5 17. g3 Bh6 18. gxf4 exf4 19. Rg1 Kh7 20. Qe2 Bg4 21. Bxg4 Nxg4 22. f3 Ne5 23. Nb5 c5 24. b4 a6 25. Nc3 cxb4 26. axb4 Rc8 27. c5 dxc5 28. Na4 cxb4 29. Bxb4 Re8 30. Nc5 Qb6 31. Rab1 Bf8 32. Na4 Qb5 33. Qd3 Qc4 34. Qxc4 1/2-1/2

[Event "11th Dolomiti Open 2020"]
[Site "Forni di Sopra"]
[Date "2020.09.30"]
[Round "6.1"]
[White "Moroni, Luca Jr"]
[Black "Valsecchi, Alessio"]
[Result "1/2-1/2"]
[ECO "D33"]
[WhiteElo "2530"]
[BlackElo "2491"]
[Annotator "ChessBase"]
[PlyCount "33"]
[EventDate "2020.09.26"]
[EventType "swiss"]
[EventCountry "ITA"]
[SourceTitle "playchess.com"]
[Source "ChessBase"]
[SourceQuality "1"]
[TimeControl "40/5400+30:1800+30"]

1. d4 d5 2. c4 e6 3. Nc3 c5 4. cxd5 exd5 5. Nf3 Nc6 6. g3 Nf6 7. Bg2 cxd4 8. Nxd4 Bc5 9. Nxc6 bxc6 10. O-O O-O 11. b3 Re8 12. Bb2 Ba6 13. Qc2 Bb6 14. Bf3 Rc8 15. Rfd1 Qe7 16. e3 Qe6 17. Na4 1/2-1/2

[Event "11th Dolomiti Open 2020"]
[Site "Forni di Sopra"]
[Date "2020.09.30"]
[Round "6.2"]
[White "Andolfatto, Maria"]
[Black "Basso, Pier Luigi"]
[Result "0-1"]
[ECO "A11"]
[WhiteElo "2002"]
[BlackElo "2603"]
[Annotator "ChessBase"]
[PlyCount "62"]
[EventDate "2020.09.26"]
[EventType "swiss"]
[EventCountry "ITA"]
[SourceTitle "playchess.com"]
[Source "ChessBase"]
[SourceQuality "1"]
[TimeControl "40/5400+30:1800+30"]

1. c4 c6 2. Nf3 d5 3. g3 Nf6 4. Bg2 dxc4 5. O-O Nbd7 6. Qc2 Nb6 7. a4 a5 8. Na3 Be6 9. Ng5 Qd7 10. Rd1 Nfd5 11. Nxc4 Nb4 12. Nxb6 Nxc2 13. Nxd7 Kxd7 14. Nxe6 Nxa1 15. Ng5 Ke8 16. Be4 h6 17. Nf3 Nb3 18. d4 Nxc1 19. Rxc1 Rb8 20. Rc5 e6 21. Rxa5 Bd6 22. Ra7 Kd7 23. Nd2 Kc7 24. Nc4 Bb4 25. a5 Ra8 26. Rxa8 Rg8 27. Rb8 Rxb8 28. Ne5 Ra8 29. Nd3 Rxa5 30. f4 Bd6 31. Kg2 b6 0-1

[Event "11th Dolomiti Open 2020"]
[Site "Forni di Sopra"]
[Date "2020.09.30"]
[Round "6.3"]
[White "Heberla, Bartlomiej"]
[Black "Barp, Alberto"]
[Result "1-0"]
[ECO "D61"]
[WhiteElo "2566"]
[BlackElo "2377"]
[Annotator "ChessBase"]
[PlyCount "114"]
[EventDate "2020.09.26"]
[EventType "swiss"]
[EventCountry "ITA"]
[SourceTitle "playchess.com"]
[Source "ChessBase"]
[SourceQuality "1"]
[TimeControl "40/5400+30:1800+30"]

1. Nf3 d5 2. d4 Nf6 3. c4 e6 4. Bg5 Be7 5. e3 Nbd7 6. Nc3 h6 7. Bh4 O-O 8. Qc2 c5 9. cxd5 Nxd5 10. Bxe7 Qxe7 11. Nxd5 exd5 12. dxc5 Nxc5 13. Be2 Bg4 14. O-O Rac8 15. Rac1 Rfd8 16. Qc3 Ne4 17. Qd4 Rxc1 18. Rxc1 Qf6 19. Qxf6 Nxf6 20. Nd4 Bxe2 21. Nxe2 Kf8 22. Nd4 g6 23. f3 Ke7 24. Kf2 a6 25. Nb3 Rd7 26. Ke2 Ne8 27. Rc5 b6 28. Rc6 Rd6 29. Rc3 Kd7 30. Nd4 Nc7 31. Ra3 Rf6 32. g4 Rd6 33. h4 Rf6 34. f4 Rd6 35. Nf3 a5 36. Ne5+ Ke7 37. Rc3 Ne6 38. Rc8 d4 39. Rh8 dxe3 40. Kxe3 Rd1 41. Rh7 Re1+ 42. Kf2 Re4 43. Rxf7+ Ke8 44. Rf6 Rxf4+ 45. Rxf4 Nxf4 46. Kf3 Nd5 47. a3 a4 48. Nxg6 b5 49. Ke4 Nf6+ 50. Kf5 Nd5 51. Ne5 Ke7 52. h5 Ne3+ 53. Kg6 Ke6 54. g5 Nf5 55. gxh6 Ne7+ 56. Kg5 Kxe5 57. h7 Kd5 1-0

[Event "11th Dolomiti Open 2020"]
[Site "Forni di Sopra"]
[Date "2020.09.30"]
[Round "6.4"]
[White "Blohberger, Felix"]
[Black "Bellia, Fabrizio"]
[Result "1/2-1/2"]
[ECO "C47"]
[WhiteElo "2467"]
[BlackElo "2421"]
[Annotator "ChessBase"]
[PlyCount "144"]
[EventDate "2020.09.26"]
[EventType "swiss"]
[EventCountry "ITA"]
[SourceTitle "playchess.com"]
[Source "ChessBase"]
[SourceQuality "1"]
[TimeControl "40/5400+30:1800+30"]

1. e4 e5 2. Nf3 Nc6 3. Nc3 Nf6 4. a3 d5 5. Bb5 d4 6. Ne2 Bd6 7. d3 O-O 8. Bc4 Qe7 9. O-O Be6 10. Bxe6 Qxe6 11. c3 dxc3 12. bxc3 Rfe8 13. Ng3 Rad8 14. Qc2 h6 15. h3 Na5 16. Rb1 b6 17. Nf5 Bf8 18. Rd1 Nd7 19. a4 Nc5 20. Be3 Qc6 21. Ra1 Ncb3 22. Ra2 Nc5 23. h4 Qe6 24. Raa1 Nd7 25. Rab1 Nf6 26. Rb5 Ng4 27. Bc1 a6 28. Rb1 Bc5 29. Rf1 Qc6 30. Nh2 Nf6 31. Bb2 Nb7 32. Kh1 Bf8 33. Rfd1 Nc5 34. a5 b5 35. f3 g6 36. Ne3 Na4 37. Ba1 Nh5 38. Nhf1 Qf6 39. Qf2 Bc5 40. d4 exd4 41. cxd4 Bf8 42. d5 Nc3 43. Ng4 Qh8 44. Rdc1 b4 45. Qc2 Nf6 46. Nge3 Nxb1 47. Qxb1 Rd7 48. e5 Rxd5 49. exf6 Rxa5 50. Rxc7 Qh7 51. Bd4 Rd8 52. Bb2 Rc5 53. Ra7 g5 54. Qa2 gxh4 55. Qxa6 Qg6 56. Ra8 Rxa8 57. Qxa8 Qg5 58. Qe4 Ra5 59. Nc4 Ra2 60. Qb1 h3 61. gxh3 Bc5 62. Nfd2 Rxb2 63. Nxb2 Qxd2 64. Nd3 Bd6 65. Qg1+ Kf8 66. Qg7+ Ke8 67. Qg8+ Bf8 68. Qg4 Qd1+ 69. Kg2 Qc2+ 70. Kh1 Qd1+ 71. Kg2 Qc2+ 72. Kh1 Qd1+ 1/2-1/2

[Event "11th Dolomiti Open 2020"]
[Site "Forni di Sopra"]
[Date "2020.09.30"]
[Round "6.5"]
[White "Gumularz, Szymon"]
[Black "Marchesich, Giovanni"]
[Result "1-0"]
[ECO "A45"]
[WhiteElo "2518"]
[BlackElo "2063"]
[Annotator "ChessBase"]
[PlyCount "59"]
[EventDate "2020.09.26"]
[EventType "swiss"]
[EventCountry "ITA"]
[SourceTitle "playchess.com"]
[Source "ChessBase"]
[SourceQuality "1"]
[TimeControl "40/5400+30:1800+30"]

1. d4 Nf6 2. Bf4 g6 3. Nc3 d5 4. e3 Bg7 5. h4 h5 6. Nf3 O-O 7. Be2 c5 8. dxc5 Nbd7 9. Nb5 Nxc5 10. Nc7 Rb8 11. Nb5 Ra8 12. Nc7 Rb8 13. Ne8 Nxe8 14. Bxb8 Bxb2 15. Rb1 Qa5+ 16. Kf1 Na4 17. Qd2 Bc3 18. Qc1 Nf6 19. Rb5 Qd8 20. Bxa7 Bd7 21. Rb3 Ne4 22. Bd4 Qc7 23. g3 e5 24. Nxe5 Nd2+ 25. Kg2 Bxd4 26. exd4 Nxb3 27. cxb3 Qxc1 28. Rxc1 Nb6 29. Nxd7 Nxd7 30. Rc7 1-0

[Event "11th Dolomiti Open 2020"]
[Site "Forni di Sopra"]
[Date "2020.09.30"]
[Round "6.6"]
[White "Blake, J Morgan"]
[Black "Seresin, Francesco"]
[Result "1/2-1/2"]
[ECO "B19"]
[WhiteElo "1982"]
[BlackElo "2371"]
[Annotator "ChessBase"]
[PlyCount "86"]
[EventDate "2020.09.26"]
[EventType "swiss"]
[EventCountry "ITA"]
[SourceTitle "playchess.com"]
[Source "ChessBase"]
[SourceQuality "1"]
[TimeControl "40/5400+30:1800+30"]

1. e4 c6 2. d4 d5 3. Nd2 dxe4 4. Nxe4 Bf5 5. Ng3 Bg6 6. h4 h6 7. Nf3 Nd7 8. h5 Bh7 9. Bd3 Bxd3 10. Qxd3 e6 11. Bd2 Ngf6 12. O-O-O Qc7 13. Ne4 O-O-O 14. Nxf6 Nxf6 15. Qe2 Rd5 16. g3 Rxh5 17. Rxh5 Nxh5 18. Qe5 Qxe5 19. dxe5 g6 20. Rh1 Bc5 21. g4 Ng7 22. Rxh6 Rxh6 23. Bxh6 Ne8 24. Ng5 f6 25. Nxe6 Bxf2 26. exf6 Nxf6 27. Nf8 Nxg4 28. Bf4 Bd4 29. Nxg6 Kd7 30. Nh4 Ke6 31. Nf3 Bf6 32. c3 Kd5 33. Nd2 a6 34. Kc2 b5 35. b3 c5 36. c4+ Kc6 37. cxb5+ axb5 38. a4 Bd4 39. axb5+ Kxb5 40. Nc4 Nf6 41. Nd6+ Kc6 42. Nc4 Nd5 43. Bd2 Kb5 1/2-1/2

[Event "11th Dolomiti Open 2020"]
[Site "Forni di Sopra"]
[Date "2020.09.30"]
[Round "6.7"]
[White "Bordignon, Angelo"]
[Black "Cumming, Rhys"]
[Result "0-1"]
[ECO "A30"]
[WhiteElo "2024"]
[BlackElo "2299"]
[Annotator "ChessBase"]
[PlyCount "54"]
[EventDate "2020.09.26"]
[EventType "swiss"]
[EventCountry "ITA"]
[SourceTitle "playchess.com"]
[Source "ChessBase"]
[SourceQuality "1"]
[TimeControl "40/5400+30:1800+30"]

1. Nf3 c5 2. c4 Nc6 3. g3 g6 4. Bg2 Bg7 5. O-O e6 6. e3 Nge7 7. d3 O-O 8. a3 d5 9. Nbd2 Rb8 10. Rb1 dxc4 11. dxc4 Qd3 12. Re1 e5 13. Nd4 Nxd4 14. Be4 Ne2+ 15. Qxe2 Qxe2 16. Rxe2 f5 17. Bg2 Be6 18. Re1 e4 19. f3 exf3 20. Bxf3 Nc6 21. b3 Rfd8 22. Nf1 Ne5 23. Be2 Bd7 24. b4 Ba4 25. bxc5 Bc2 26. Rb5 Bd3 27. Bxd3 Nf3+ 0-1

[Event "11th Dolomiti Open 2020"]
[Site "Forni di Sopra"]
[Date "2020.09.30"]
[Round "6.8"]
[White "Fecker, Noah"]
[Black "Lunn, Matthew"]
[Result "1-0"]
[ECO "B61"]
[WhiteElo "2345"]
[BlackElo "2044"]
[Annotator "ChessBase"]
[PlyCount "57"]
[EventDate "2020.09.26"]
[EventType "swiss"]
[EventCountry "ITA"]
[SourceTitle "playchess.com"]
[Source "ChessBase"]
[SourceQuality "1"]
[TimeControl "40/5400+30:1800+30"]

1. e4 c5 2. Nf3 Nc6 3. d4 cxd4 4. Nxd4 Nf6 5. Nc3 d6 6. Bg5 Bd7 7. Qd2 Rc8 8. f4 Nxd4 9. Qxd4 Qa5 10. e5 dxe5 11. fxe5 e6 12. O-O-O Bc6 13. Nb5 Bxb5 14. exf6 Bc6 15. h4 g6 16. Bc4 Bc5 17. Qe5 Bb6 18. Qd6 Bc5 19. Qg3 Qb4 20. Bxe6 fxe6 21. f7+ Kxf7 22. Rhf1+ Kg8 23. Qe5 Qc4 24. Bh6 Be3+ 25. Qxe3 Bf3 26. Rd8+ Rxd8 27. Qxf3 Qc7 28. Qf8+ Rxf8 29. Rxf8# 1-0

[Event "11th Dolomiti Open 2020"]
[Site "Forni di Sopra"]
[Date "2020.09.30"]
[Round "6.9"]
[White "Bisignano, Giuseppe"]
[Black "Ranfagni, Stefano"]
[Result "1-0"]
[ECO "C43"]
[WhiteElo "1818"]
[BlackElo "1844"]
[Annotator "NA"]
[PlyCount "74"]
[EventDate "2020.09.26"]
[EventType "swiss"]
[EventCountry "ITA"]
[SourceTitle "playchess.com"]
[Source "ChessBase"]
[SourceQuality "1"]
[TimeControl "40/5400+30:1800+30"]

1. e4 e5 2. Nf3 Nf6 3. d4 Nxe4 4. dxe5 d5 5. Bd3 Nc5 6. Be2 Be7 7. O-O Nc6 8. Be3 Ne6 9. Bb5 a6 10. Bxc6+ bxc6 11. c4 Bb7 12. Qb3 Qc8 13. Nc3 dxc4 14. Qxc4 O-O 15. b4 a5 16. Qg4 axb4 17. Ne4 f5 18. exf6 Bxf6 19. Nxf6+ Rxf6 20. Ne5 Nf4 21. Rfd1 Nd5 22. Qc4 Qe6 23. Bd4 Rf4 24. Re1 Qd6 25. Rad1 c5 26. Qxc5 Qxc5 27. Bxc5 Rxa2 28. Nd3 Rg4 29. Re8+ Kf7 30. Rb8 Rxg2+ 31. Kxg2 Ne3+ 32. Kg1 Nxd1 33. Rxb7 Ra1 34. Kg2 b3 35. Rxb3 Ke6 36. Bd4 Ra4 37. Nc5+ Kd5 1-0

[Event "11th Dolomiti Open 2020"]
[Site "Forni di Sopra"]
[Date "2020.09.30"]
[Round "6.10"]
[White "Giorgi, Ezio Alberto"]
[Black "Ollari, Luca"]
[Result "0-1"]
[ECO "A48"]
[WhiteElo "1752"]
[BlackElo "1826"]
[Annotator "NA"]
[PlyCount "78"]
[EventDate "2020.09.26"]
[EventType "swiss"]
[EventCountry "ITA"]
[SourceTitle "playchess.com"]
[Source "ChessBase"]
[SourceQuality "1"]
[TimeControl "40/5400+30:1800+30"]

1. d4 Nf6 2. Bf4 g6 3. Nf3 Bg7 4. e3 O-O 5. h3 c5 6. c3 d6 7. Nbd2 Nc6 8. Be2 Be6 9. O-O Qb6 10. Qc2 Rac8 11. dxc5 Qxc5 12. Qd1 Qb6 13. Qb1 Nd5 14. Bh2 a5 15. e4 Nf6 16. Bf4 h6 17. Be3 Qc7 18. Bb5 Nd7 19. Nd4 Nxd4 20. cxd4 Nf6 21. Rc1 Qb6 22. Qd3 d5 23. e5 Nd7 24. a4 Nb8 25. Qa3 Nc6 26. Nb3 Nb4 27. Nc5 Kh7 28. Bd7 Rc7 29. Nxe6 Rxc1+ 30. Rxc1 fxe6 31. Rc5 Rd8 32. Bb5 Bxe5 33. dxe5 d4 34. Bxd4 Rxd4 35. Rc8 Rd1+ 36. Bf1 Qa6 37. f3 Qxf1+ 38. Kh2 Qh1+ 39. Kg3 Qe1+ 0-1

[Event "11th Dolomiti Open 2020"]
[Site "Forni di Sopra"]
[Date "2020.10.01"]
[Round "7.2"]
[White "Blohberger, Felix"]
[Black "Heberla, Bartlomiej"]
[Result "1/2-1/2"]
[ECO "C13"]
[WhiteElo "2467"]
[BlackElo "2566"]
[Annotator "ChessBase"]
[PlyCount "46"]
[EventDate "2020.09.26"]
[EventType "swiss"]
[EventCountry "ITA"]
[SourceTitle "playchess.com"]
[Source "ChessBase"]
[SourceQuality "1"]
[TimeControl "40/5400+30:1800+30"]

1. e4 e6 2. d4 d5 3. Nc3 dxe4 4. Nxe4 Nd7 5. c3 Ngf6 6. Bd3 Be7 7. Nf3 O-O 8. Qe2 b6 9. Bg5 Bb7 10. Nxf6+ Bxf6 11. Bxf6 Nxf6 12. O-O Qe7 13. Ne5 c5 14. dxc5 Qd7 15. c6 Qxc6 16. Rac1 Qc5 17. Rcd1 Rad8 18. Bc2 Rd5 19. Nf3 Rfd8 20. Rxd5 Rxd5 21. Rd1 Kf8 22. Rd3 Rd4 23. Rxd4 Qd5 1/2-1/2

[Event "11th Dolomiti Open 2020"]
[Site "Forni di Sopra"]
[Date "2020.10.01"]
[Round "7.3"]
[White "Bellia, Fabrizio"]
[Black "Moroni, Luca Jr"]
[Result "0-1"]
[ECO "C76"]
[WhiteElo "2421"]
[BlackElo "2530"]
[Annotator "ChessBase"]
[PlyCount "168"]
[EventDate "2020.09.26"]
[EventType "swiss"]
[EventCountry "ITA"]
[SourceTitle "playchess.com"]
[Source "ChessBase"]
[SourceQuality "1"]
[TimeControl "40/5400+30:1800+30"]

1. e4 e5 2. Nf3 Nc6 3. Bb5 a6 4. Ba4 d6 5. O-O Bd7 6. c3 g6 7. d4 Bg7 8. dxe5 Nxe5 9. Nxe5 dxe5 10. Bxd7+ Qxd7 11. Qxd7+ Kxd7 12. Na3 Nf6 13. f3 Ke6 14. Be3 Rhd8 15. Rfd1 Rxd1+ 16. Rxd1 Bf8 17. Nc4 a5 18. a4 Nd7 19. Kf1 f6 20. Ke2 Nc5 21. Bxc5 Bxc5 22. Rd5 b6 23. Rd1 c6 24. Ra1 f5 25. b3 h5 26. Nb2 f4 27. Nd3 Be3 28. b4 g5 29. h3 axb4 30. cxb4 Bd4 31. Ra2 Kd6 32. Kd2 Kc7 33. Ke2 Kb7 34. Kd2 Rg8 35. Ne1 c5 36. bxc5 Bxc5 37. Nd3 Bd4 38. a5 Ra8 39. a6+ Rxa6 40. Rxa6 Kxa6 41. Kc2 Kb5 42. Kb3 Ba1 43. Nb4 Kc5 44. Nc2 Bd4 45. Ne1 Kc6 46. Nd3 Kb5 47. Nb4 Bc5 48. Nd5 Bd6 49. Nf6 h4 50. Ne8 Kc5 51. Kc3 Kc6 52. Nf6 b5 53. Nd5 Kc5 54. Nb4 Kb6 55. Nd3 Ka6 56. Kb3 Kb7 57. Kc3 Kc7 58. Kb3 Kb6 59. Kc3 Ka5 60. Kb3 b4 61. Nb2 Kb5 62. Nd3 Be7 63. Nxe5 Kc5 64. Nd3+ Kd4 65. Nxb4 Bf8 66. Nd5 Kd3 67. Nf6 Ke2 68. e5 Kf1 69. Nh7 Be7 70. Kc4 Kxg2 71. Kd5 g4 72. fxg4 f3 73. Ke6 Ba3 74. g5 f2 75. g6 f1=Q 76. g7 Qc4+ 77. Kf6 Qg8 78. Ng5 Be7+ 79. Kxe7 Qxg7+ 80. Nf7 Kxh3 81. e6 Kg2 82. Kd8 h3 83. Nd6 h2 84. e7 Qxe7+ 0-1

[Event "11th Dolomiti Open 2020"]
[Site "Forni di Sopra"]
[Date "2020.10.01"]
[Round "7.4"]
[White "Barp, Alberto"]
[Black "Gumularz, Szymon"]
[Result "0-1"]
[ECO "A49"]
[WhiteElo "2377"]
[BlackElo "2518"]
[Annotator "ChessBase"]
[PlyCount "148"]
[EventDate "2020.09.26"]
[EventType "swiss"]
[EventCountry "ITA"]
[SourceTitle "playchess.com"]
[Source "ChessBase"]
[SourceQuality "1"]
[TimeControl "40/5400+30:1800+30"]

1. d4 d6 2. Nf3 Nf6 3. g3 g6 4. Bg2 Bg7 5. O-O O-O 6. b3 b5 7. Ne1 c6 8. Bb2 Bb7 9. Nd2 Nbd7 10. c4 Qb6 11. Nd3 Rac8 12. e4 Ne8 13. e5 c5 14. exd6 Nxd6 15. d5 Bxb2 16. Nxb2 Nf5 17. Nd3 Rcd8 18. Ne4 e6 19. Nf4 Ne5 20. Qc1 exd5 21. cxd5 Rc8 22. Qb2 Nd4 23. Rad1 f5 24. Ng5 Qf6 25. Rxd4 cxd4 26. Nge6 d3 27. Qd4 Rf7 28. Re1 Ng4 29. Qxd3 Qb2 30. Rf1 a6 31. h3 Nf6 32. Qe3 Re8 33. Qb6 Qe5 34. Rd1 Bc8 35. Nd8 Qc7 36. Qxc7 Rxc7 37. Nc6 Rd7 38. d6 Bb7 39. Ne7+ Kf7 40. Bxb7 Rxb7 41. Nd3 Rd8 42. Ne5+ Ke6 43. Re1 Rxd6 44. Nc4+ Ne4 45. Nxd6 Kxd6 46. Ng8 Rc7 47. Re2 Rc1+ 48. Kg2 Ra1 49. g4 Nc3 50. Re3 Nd5 51. Rf3 Rxa2 52. gxf5 gxf5 53. Nh6 f4 54. Nf7+ Kc5 55. Ng5 h6 56. Ne6+ Kb4 57. h4 a5 58. h5 Rb2 59. Rd3 Nc3 60. Nd4 a4 61. bxa4 bxa4 62. Nc6+ Kc4 63. Rd4+ Kc5 64. Rxf4 a3 65. Ne5 a2 66. Nd3+ Kd5 67. Nxb2 a1=Q 68. Nc4 Ke6 69. Rg4 Nd5 70. Rg6+ Ke7 71. Rg4 Nf6 72. Rg7+ Kf8 73. Rg6 Nxh5 74. Rxh6 Qg7+ 0-1

[Event "11th Dolomiti Open 2020"]
[Site "Forni di Sopra"]
[Date "2020.10.01"]
[Round "7.5"]
[White "Cumming, Rhys"]
[Black "Andolfatto, Maria"]
[Result "1-0"]
[ECO "C48"]
[WhiteElo "2299"]
[BlackElo "2002"]
[Annotator "ChessBase"]
[PlyCount "51"]
[EventDate "2020.09.26"]
[EventType "swiss"]
[EventCountry "ITA"]
[SourceTitle "playchess.com"]
[Source "ChessBase"]
[SourceQuality "1"]
[TimeControl "40/5400+30:1800+30"]

1. e4 e5 2. Nf3 Nc6 3. Nc3 Nf6 4. Bb5 Bd6 5. a3 Nd4 6. Bc4 Nxf3+ 7. gxf3 Bc5 8. d3 d6 9. Rg1 Nh5 10. Bg5 Qd7 11. f4 Qh3 12. Qd2 f6 13. fxe5 fxg5 14. d4 dxe5 15. dxc5 Be6 16. Bxe6 Qxe6 17. Qxg5 g6 18. Nd5 Rc8 19. O-O-O Kf7 20. Rd3 c6 21. Rf3+ Ke8 22. Nf6+ Nxf6 23. Rxf6 Qe7 24. Rd1 Rf8 25. Qg4 Qxf6 26. Qd7# 1-0

[Event "11th Dolomiti Open 2020"]
[Site "Forni di Sopra"]
[Date "2020.10.01"]
[Round "7.6"]
[White "Seresin, Francesco"]
[Black "Fecker, Noah"]
[Result "1-0"]
[ECO "A34"]
[WhiteElo "2371"]
[BlackElo "2345"]
[Annotator "ChessBase"]
[PlyCount "69"]
[EventDate "2020.09.26"]
[EventType "swiss"]
[EventCountry "ITA"]
[SourceTitle "playchess.com"]
[Source "ChessBase"]
[SourceQuality "1"]
[TimeControl "40/5400+30:1800+30"]

1. c4 c5 2. Nc3 Nc6 3. Nf3 e5 4. e3 Nf6 5. d4 cxd4 6. exd4 e4 7. Ne5 Bb4 8. Nxc6 dxc6 9. Be2 O-O 10. O-O h6 11. Bf4 Re8 12. Qd2 Bf5 13. a3 Bd6 14. Rad1 Qc7 15. Bxd6 Qxd6 16. Qe3 Rad8 17. h3 a6 18. Rd2 Bg6 19. Rfd1 Kh7 20. b4 Qf8 21. d5 Rc8 22. c5 Re5 23. dxc6 Rxc6 24. Nd5 Ne8 25. Nb6 Bf5 26. Qf4 f6 27. Nd7 Bxd7 28. Rxd7 Nc7 29. Bg4 Ne6 30. Bxe6 Rcxe6 31. Rxb7 e3 32. fxe3 Rxe3 33. Rdd7 R3e5 34. Rf7 Qg8 35. Qg4 1-0

[Event "11th Dolomiti Open 2020"]
[Site "Forni di Sopra"]
[Date "2020.10.01"]
[Round "7.7"]
[White "Simonetto, Andrea"]
[Black "Blake, J Morgan"]
[Result "1-0"]
[ECO "D32"]
[WhiteElo "2195"]
[BlackElo "1982"]
[Annotator "ChessBase"]
[PlyCount "135"]
[EventDate "2020.09.26"]
[EventType "swiss"]
[EventCountry "ITA"]
[SourceTitle "playchess.com"]
[Source "ChessBase"]
[SourceQuality "1"]
[TimeControl "40/5400+30:1800+30"]

1. Nf3 d5 2. e3 Nf6 3. c4 e6 4. Nc3 c5 5. cxd5 exd5 6. d4 Nc6 7. Be2 Be7 8. O-O O-O 9. b3 Ne4 10. Bb2 cxd4 11. Nxe4 dxe4 12. Nxd4 Nxd4 13. Bxd4 Bf6 14. Bxf6 Qxf6 15. Qd5 Qg6 16. Rfd1 Rb8 17. Rd4 Bf5 18. Rc1 Qe6 19. Qxe6 Bxe6 20. Rxe4 Rfc8 21. Rd1 Rc2 22. Bc4 Re8 23. a4 Kf8 24. Bxe6 Rxe6 25. Rxe6 fxe6 26. Kf1 Ke7 27. Rd3 Rb2 28. g4 g5 29. Kg2 Ra2 30. Kg3 e5 31. f3 Rb2 32. h3 h6 33. f4 gxf4+ 34. exf4 e4 35. Re3 Kd6 36. Rxe4 Rxb3+ 37. Kh4 a5 38. Re5 b6 39. Rh5 Rb4 40. Rxh6+ Kc7 41. f5 Rxa4 42. f6 Kd7 43. f7 Rf4 44. Rxb6 a4 45. Ra6 Ke7 46. Ra7+ Kf8 47. Kg5 Rxf7 48. Rxa4 Kg7 49. h4 Rb7 50. Ra5 Rc7 51. h5 Rb7 52. h6+ Kh7 53. Kh5 Rb1 54. Ra7+ Kh8 55. g5 Rb5 56. Re7 Ra5 57. Kg6 Ra8 58. Kf6 Rf8+ 59. Rf7 Ra8 60. g6 Ra6+ 61. Kg5 Ra5+ 62. Rf5 Ra8 63. Re5 Rb8 64. h7 Kg7 65. Re7+ Kh8 66. Kh6 Rg8 67. Re8 Rxe8 68. g7# 1-0

[Event "11th Dolomiti Open 2020"]
[Site "Forni di Sopra"]
[Date "2020.10.01"]
[Round "7.9"]
[White "Ollari, Luca"]
[Black "Bisignano, Giuseppe"]
[Result "1/2-1/2"]
[ECO "B20"]
[WhiteElo "1826"]
[BlackElo "1818"]
[Annotator "NA"]
[PlyCount "115"]
[EventDate "2020.09.26"]
[EventType "swiss"]
[EventCountry "ITA"]
[SourceTitle "playchess.com"]
[Source "ChessBase"]
[SourceQuality "1"]
[TimeControl "40/5400+30:1800+30"]

1. e4 c5 2. a3 d6 3. b4 a6 4. Bb2 Nf6 5. Nc3 Nc6 6. b5 axb5 7. Bxb5 e6 8. Nge2 Bd7 9. O-O Be7 10. f4 O-O 11. Ng3 Qc7 12. Kh1 Nd4 13. Bxd7 Qxd7 14. Nce2 Nxe2 15. Qxe2 Ra4 16. d3 Rc8 17. e5 dxe5 18. fxe5 Nd5 19. c4 Nc7 20. Qf2 Bh4 21. Qxc5 Bxg3 22. hxg3 b5 23. Qd6 Rd8 24. cxb5 Qxd6 25. exd6 Nxb5 26. Rf4 Rxf4 27. gxf4 Rxd6 28. Be5 Ra6 29. Rb1 f6 30. Bxf6 gxf6 31. Rxb5 Rxa3 32. Rb6 Kf7 33. Rd6 Ra4 34. g3 Ra2 35. Kg1 h5 36. Kf1 Rd2 37. Kg1 Kg6 38. Rxe6 Rxd3 39. Kf2 Kf5 40. Re8 h4 41. gxh4 Rh3 42. Rh8 Kxf4 43. Kg2 Ra3 44. Rg8 Ra7 45. Kh3 f5 46. Kg2 Re7 47. Rg6 Ke3 48. Rf6 f4 49. Kf1 Rh7 50. Re6+ Kf3 51. Ra6 Rxh4 52. Ra3+ Kg4 53. Kg2 Rh6 54. Rb3 Rc6 55. Kf1 f3 56. Rb8 Rc1+ 57. Kf2 Rc2+ 58. Kf1 1/2-1/2

[Event "11th Dolomiti Open 2020"]
[Site "Forni di Sopra"]
[Date "2020.10.02"]
[Round "8.1"]
[White "Cumming, Rhys"]
[Black "Valsecchi, Alessio"]
[Result "0-1"]
[ECO "C03"]
[WhiteElo "2299"]
[BlackElo "2491"]
[Annotator "ChessBase"]
[PlyCount "102"]
[EventDate "2020.09.26"]
[EventType "swiss"]
[EventCountry "ITA"]
[SourceTitle "playchess.com"]
[Source "ChessBase"]
[SourceQuality "1"]
[TimeControl "40/5400+30:1800+30"]

1. e4 e6 2. d4 d5 3. Nd2 h6 4. Ngf3 Nf6 5. exd5 exd5 6. Bd3 Nc6 7. c3 Bd6 8. O-O O-O 9. Re1 Re8 10. Rxe8+ Qxe8 11. Nf1 Be6 12. Ng3 Qd7 13. Nh4 Bxg3 14. hxg3 Re8 15. Qc2 Ne4 16. Be3 g5 17. Nf3 Bf5 18. Re1 f6 19. Bc1 Kg7 20. Re3 Re7 21. Nd2 Nd6 22. Nf1 b5 23. Rxe7+ Nxe7 24. b3 a6 25. Ba3 Qe6 26. Ne3 Bxd3 27. Qxd3 Nef5 28. Nxf5+ Nxf5 29. Kf1 h5 30. Qe2 Qe4 31. Qxe4 dxe4 32. Ke2 c6 33. Bc5 Kf7 34. c4 Ke6 35. Kd2 bxc4 36. bxc4 e3+ 37. Ke2 exf2 38. Kxf2 g4 39. a3 Kd7 40. d5 cxd5 41. cxd5 Ne7 42. Ke3 Nxd5+ 43. Ke4 Ke6 44. Bf2 f5+ 45. Kd4 Kd6 46. Be1 Nf6 47. Bb4+ Ke6 48. Kc5 Ne4+ 49. Kb6 Nxg3 50. Bc5 h4 51. Kxa6 Ne2 0-1

[Event "11th Dolomiti Open 2020"]
[Site "Forni di Sopra"]
[Date "2020.10.02"]
[Round "8.2"]
[White "Basso, Pier Luigi"]
[Black "Moroni, Luca Jr"]
[Result "1/2-1/2"]
[ECO "D14"]
[WhiteElo "2603"]
[BlackElo "2530"]
[Annotator "RC"]
[PlyCount "23"]
[EventDate "2020.09.26"]
[EventType "swiss"]
[EventCountry "ITA"]
[SourceTitle "playchess.com"]
[Source "ChessBase"]
[SourceQuality "1"]
[TimeControl "40/5400+30:1800+30"]

1. d4 d5 2. c4 c6 3. Nf3 Nf6 4. cxd5 cxd5 5. Nc3 Nc6 6. Bf4 Bf5 7. e3 e6 8. Bd3 Bxd3 9. Qxd3 Bd6 10. Bxd6 Qxd6 11. O-O O-O 12. Rac1 1/2-1/2